Map: Catalyst LE

Players

WinterSC - Winner!

  • Race: Terran Terran
  • League: Grandmaster
  • Spawn Location: 5:00

Plasmid

  • Race: Zerg Zerg
  • League: Diamond
  • Spawn Location: 11:00

VOD

Have the link to the VOD?

Description

Time

  • Played on: March 8, 2018, 10:43 p.m.
  • Length: 11:57
Show
View Real Time Build Order
Export as new Build Order

WinterSC Terran - Winner!

Build Orders: Reaper Expand, Bio Tank, Hellion Banshee 

Get SALT Encoding   

  12  0:00  SCV  
  13  0:13  SCV  
  14  0:17  Supply Depot  
  14  0:25  SCV  
  15  0:39  SCV  
  15  0:40  Barracks  
  16  0:45  Refinery  
  16  0:51  SCV  
  17  1:03  SCV  
  18  1:17  SCV  
  19  1:29  Orbital Command  
  19  1:31  Reaper  
  20  1:45  Command Center  
  20  1:56  SCV  
  21  2:02  Marine  
  22  2:13  Factory  
  22  2:14  SCV  
  23  2:25  Barracks Reactor, Supply Depot  
  23  2:34  Refinery  
  23  2:47  SCV  
  24  2:56  Orbital Command  
  24  2:59  SCV  
  25  3:07  Hellion x2  
  25  3:10  Barracks Tech Lab  
  25  3:12  SCV  
  30  3:13  Starport  
  30  3:22  SCV  
  30  3:24  SCV  
  32  3:29  Hellion x2  
  37  3:34  SCV  
  37  3:36  SCV  
  37  3:39  Supply Depot  
  38  3:46  SCV  
  39  3:48  SCV  
  39  3:55  Hellion x2  
  44  3:58  SCV  
  44  4:01  SCV  
  44  4:02  Viking  
  48  4:03  Supply Depot  
  48  4:17  SCV  
  48  4:23  Command Center  
  49  4:26  Supply Depot  
  49  4:32  Banshee  
  51  4:38  SCV  
  51  4:39  SCV  
  51  4:43  Barracks  
  53  4:46  Barracks  
  53  4:52  Barracks Tech Lab, SCV  
  49  4:54  SCV  
  49  4:59  Widow Mine x2  
  54  5:04  SCV  
  55  5:08  SCV  
  56  5:14  Engineering Bay  
  56  5:15  Engineering Bay  
  56  5:16  Stimpack  
  56  5:30  Siege Tank  
  56  5:34  SCV x2  
  61  5:36  Refinery  
  61  5:39  Refinery, Barracks Reactor x2  
  61  5:40  Supply Depot  
  61  5:45  Orbital Command  
  61  5:49  SCV  
  62  5:50  SCV  
  62  5:51  Marine  
  64  5:59  Terran Infantry Armor Level 1, Terran Infantry Weapons Level 1  
  64  6:00  Medivac  
  64  6:01  SCV  
  64  6:02  SCV  
  68  6:09  Marine  
  69  6:14  SCV  
  69  6:15  Marine x3  
  69  6:16  Marine  
  69  6:17  SCV  
  69  6:18  Barracks, SCV  
  76  6:23  Barracks  
  76  6:26  Supply Depot, SCV  
  76  6:27  Marine  
  76  6:29  SCV, Siege Tank  
  76  6:30  SCV  
  83  6:33  Marine  
  83  6:35  Medivac  
  83  6:38  SCV, Medivac  
  83  6:39  Marine x2  
  91  6:45  Orbital Command  
  91  6:46  Marine  
  92  6:51  Marine x2  
  92  6:53  SCV  
  95  6:56  Supply Depot  
  95  6:58  Armory  
  95  7:03  Marine x2  
  95  7:04  Marine  
  95  7:07  Barracks Reactor  
  98  7:09  Marine x2  
  100  7:19  SCV  
  101  7:23  SCV x2  
  101  7:25  Barracks Tech Lab  
  101  7:26  Marine  
  101  7:27  Medivac x2  
  101  7:28  Bunker  
  108  7:31  SCV  
  108  7:32  Marauder  
  111  7:39  Supply Depot  
  111  7:41  Marine  
  111  7:42  Combat Shields, Supply Depot  
  111  7:43  Siege Tank  
  115  7:48  Marine  
  116  7:51  Marauder  
  116  7:53  Marauder  
  109  8:02  Marine x3  
  109  8:03  Concussive Shells  
  109  8:04  SCV x3  
  109  8:13  Marauder  
  109  8:15  Marauder  
  109  8:16  Marine, SCV  
  109  8:17  Siege Tank  
  109  8:18  Terran Vehicle Weapons Level 1  
  109  8:19  Terran Infantry Weapons Level 2  
  116  8:20  SCV x2  
  116  8:21  Marine  
  116  8:23  Marine  
  116  8:24  Marine  
  116  8:25  Marine  
  122  8:35  Marine  
  122  8:36  Marauder  
  122  8:37  SCV x2  
  124  8:44  Marine  
  125  8:48  SCV  
  125  8:49  Marine, Terran Infantry Armor Level 2  
  125  8:50  Siege Tank  
  130  8:55  Supply Depot  
  130  8:56  Supply Depot  
  130  8:58  Marine x3, Supply Depot  
  133  9:09  Marauder  
  133  9:17  Marine x6, SCV, Medivac x2  
  133  9:22  Marine  
  145  9:28  Siege Tank  
  145  9:29  Marine  
  147  9:34  Marine x5  
  147  9:35  Marauder  
  152  9:40  Marine  
  151  9:47  Marine  
  151  9:52  Marine x5  
  147  9:56  Marine  
  147  9:58  Marine  
  152  10:01  Siege Tank  
  152  10:05  Marine  
  156  10:08  SCV x3  
  156  10:10  Marine x4  
  156  10:13  Command Center  
  163  10:14  Marauder  
  165  10:27  Marine, Medivac  
  165  10:29  Supply Depot  
  165  10:32  Marine x2, Supply Depot x2  
  165  10:33  Marauder  
  165  10:35  Supply Depot  
  169  10:41  Marine, Marauder  
  172  10:45  Marine x2  
  172  10:46  Marine  
  172  10:47  Siege Tank  
  172  10:49  SCV  
  179  10:50  Marine  
  179  10:52  Marine, SCV  
  179  10:54  Marine  
  179  10:56  Supply Depot  
  183  10:57  Supply Depot x2  
  183  10:58  Marine  
  183  11:02  Marine  
  183  11:03  Marine  
  186  11:05  Marine x2  
  186  11:07  Medivac  
  186  11:08  Marine  
  191  11:31  Marine x3  
  191  11:32  Marine x2  
  185  11:34  Marine  
Show
View Real Time Build Order
Export as new Build Order

Plasmid Zerg 

Build Orders: Hatch First 

Get SALT Encoding   

  12  0:01  Drone  
  13  0:13  Overlord  
  13  0:17  Drone  
  14  0:31  Drone  
  14  0:32  Drone  
  16  0:36  Drone  
  17  0:47  Drone  
  18  0:58  Hatchery  
  18  1:00  Drone  
  18  1:02  Extractor  
  17  1:07  Drone  
  18  1:19  Spawning Pool  
  18  1:22  Drone  
  18  1:30  Drone  
  19  1:40  Overlord  
  19  1:52  Drone  
  20  2:06  Metabolic Boost  
  20  2:09  Zergling x2  
  20  2:11  Zergling x2, Queen x2  
  26  2:17  Drone  
  27  2:23  Drone x2  
  28  2:39  Hatchery  
  26  2:45  Drone x3  
  26  2:48  Overlord  
  29  3:05  Drone x3  
  31  3:06  Drone  
  31  3:08  Queen  
  35  3:14  Roach Warren  
  35  3:16  Zergling x2  
  35  3:20  Overlord  
  35  3:26  Drone x3  
  38  3:35  Overlord, Drone  
  38  3:36  Drone  
  40  3:45  Queen  
  41  3:49  Zergling x2  
  41  3:50  Zergling x6  
  41  3:54  Zergling x2  
  41  3:55  Zergling x4  
  47  4:14  Zergling x2  
  47  4:15  Zergling x14  
  52  4:36  Drone  
  52  4:37  Drone x4  
  52  4:38  Queen  
  59  4:42  Lair  
  59  4:43  Extractor  
  56  4:53  Drone  
  56  4:54  Overlord x2  
  56  4:57  Extractor  
  56  5:05  Evolution Chamber  
  55  5:10  Evolution Chamber  
  55  5:11  Drone x3  
  57  5:26  Hatchery  
  56  5:29  Spore Crawler x2  
  56  5:30  Drone  
  56  5:31  Drone x7  
  56  5:32  Drone x5  
  67  5:37  Spore Crawler  
  67  5:40  Drone x2  
  63  5:50  Drone  
  63  5:55  Extractor, Glial Reconstitution  
  63  5:58  Zerg Ground Armor Level 1, Zerg Missile Weapons Level 1  
  63  6:04  Roach x2  
  63  6:05  Roach x2  
  63  6:06  Overlord  
  69  6:24  Queen  
  71  6:33  Overseer, Hydralisk Den  
  71  6:34  Drone x3  
  71  6:38  Drone x2  
  71  6:39  Drone  
  76  6:40  Drone x2  
  76  6:41  Drone  
  79  7:02  Overlord x5  
  79  7:06  Overlord x2  
  74  7:17  Muscular Augments  
  74  7:19  Roach x3  
  74  7:22  Roach x4  
  92  7:23  Roach x8  
  105  7:37  Queen, Drone  
  89  8:02  Roach  
  89  8:03  Roach x8  
  89  8:04  Roach x7  
  99  8:18  Hydralisk  
  99  8:19  Hydralisk x7  
  114  8:30  Zergling x6  
  115  8:45  Ravager  
  115  8:46  Ravager x3  
  115  8:48  Zergling x12  
  122  8:52  Drone  
  122  8:53  Drone x4  
  124  9:19  Drone x2  
  124  9:20  Drone  
  127  9:29  Roach  
  127  9:31  Overlord x4  
  98  10:02  Zergling x2  
  98  10:03  Zergling x18, Baneling Nest  
  102  10:09  Infestation Pit  
  102  10:11  Hatchery  
  100  10:17  Hydralisk x3  
  100  10:21  Queen  
  106  10:22  Spore Crawler  
  107  10:39  Drone  
  107  10:40  Drone  
  109  10:44  Extractor  
  109  10:48  Extractor, Hydralisk  
  109  10:49  Hydralisk x7  
  123  11:03  Zergling x8  
  123  11:04  Zergling x4  
  129  11:06  Overseer  
  129  11:09  Baneling  
  129  11:10  Baneling x5  
Tags
 
Add a new tag
Caveats
  • Supply blocks, unpowered buildings, or Contaminate may cause inaccurate times.
  • Supply counts are checked every 10 seconds.